cohdb
Replays
Latest Replays
All Replays
Popular Replays
Top Player Replays
Match Explorer
How It Works
Community
CoH3 Stats
Reddit
Sign in to upload your games and track your stats! →
Sign in with Steam
Match 42955532
Unlisted
Match 42955532
Overview
Messages
Build Orders
End
Kettenkrad Recon Vehicle
Construct Infanterie Kompanie
Construct Infanterie Kompanie
Selects Terror Battlegroup
Selects Machine Gun Camouflage
MG 42 Machine Gun Team
MG 42 Machine Gun Team
Grenadier Squad
Pioneer Squad
Construct Panzergrenadier Kompanie
Medical Bunker
Panzergrenadier Squad
Support Elements
Nebelwerfer 42 Rocket Launcher Team
StuG III G Assault Gun
Panzergrenadier Officer Quarters
Selects Defend the Fatherland
StuG III G Assault Gun
Panzergrenadier Squad
Construct Panzer Kompanie
Side Skirts
Leonardo180
ManFrau
Venom29er
✪ Cpt.Awes0mE
✪ Maj.Swag
Patek
0
0
Comments
sign in to comment!
No comments posted yet!